Unix NetHack Version 3.7.0-88 Work-in-progress - last build Jul 17 2023 12:26:22 (ff3987481174382ea04ebda72e34ac83a40b9a22,branch:master). Game began 2023-07-18 17:27:24, ended 2023-07-18 17:55:51. Uncleleo, neutral male human Tourist ############ # # # ------------- ------.-----## --------# |............## |..........|# |G.....|# |...........| # #|..........|# #@i...:..# |............#######|...........# #|......|## |...........| #### #..-.---.----## |......- -----..------ ### ########## |......| #* #### ### ## -------- # #### ## ## # #### --.-- |<..| |.... |...| ----- Uncleleo the Sightseer St:12 Dx:13 Co:15 In:12 Wi:8 Ch:18 Neutral S:890 Dlvl:4 $:427 HP:0(34) Pw:13(13) AC:3 Xp:5/180 T:2529 Latest messages: Whammm!! In what direction? j As you kick the door, it crashes open! You see here 16 gold pieces. $ - 16 gold pieces (427 in total). In what direction? h You kill the grid bug! You see here a +2 dart. a - a +2 dart (at the ready) (8 in total). In what direction? k Thwack!! In what direction? k Whammm!! In what direction? k As you kick the door, it crashes open! You are carrying too much to get through. In what direction? l You kill it! You see here a +2 dart. You see here a +2 dart. a - a +2 dart (at the ready) (8 in total). The gnome misses! You kill the gnome! There is a doorway here. You see here a gnome corpse. There is a gnome corpse here; eat it? [ynq] (n) y This gnome corpse is tough. You finish eating the gnome corpse. In what direction? l The dart misses the homunculus. You hit the homunculus. The homunculus bites! You miss the homunculus. The homunculus bites! You are put to sleep by the homunculus! The homunculus bites! The gnome misses! The homunculus bites! The homunculus bites! The gnome hits! The homunculus bites! The homunculus bites! The gnome hits! The homunculus bites! The gnome hits! The homunculus bites! The homunculus bites! The homunculus bites! You die... Do you want your possessions identified? [ynq] (y) q Inventory: Coins $ - 427 gold pieces Weapons a - 7 +2 darts (at the ready) q - 11 corroded +0 darts K - a +0 dagger (weapon in hand) s - a blessed +1 orcish dagger w - a +0 orcish dagger Armor t - a blessed +1 orcish helm L - an uncursed +0 dwarvish cloak (being worn) k - an uncursed +0 Hawaiian shirt with a giant eel motif E - a blessed +4 ring mail (being worn) Comestibles b - an uncursed slime mold g - an uncursed banana d - an uncursed candy bar labeled "Om-nom" f - an uncursed cream pie h - 2 uncursed food rations u - 2 uncursed food rations G - an uncursed food ration c - an uncursed tripe ration Scrolls O - an uncursed scroll of blank paper N - a cursed scroll of blank paper y - an uncursed scroll of destroy armor v - an uncursed scroll of enchant armor j - 4 uncursed scrolls of magic mapping B - 2 uncursed scrolls of magic mapping Potions i - 2 uncursed potions of extra healing Tools m - an uncursed credit card l - an expensive camera (0:67) n - an uncursed tin opener M - a tinning kit (0:88) Gems/Stones Q - an uncursed worthless piece of blue glass x - an uncursed worthless piece of yellowish brown glass P - 2 uncursed rocks Uncleleo the Tourist's attributes: Background: You were a Sightseer, a level 5 male human Tourist. You were neutral, nominally on a mission for The Lady who was opposed by Blind Io (lawful) and Offler (chaotic). You were in the Dungeons of Doom, on level 4. You entered the dungeon 2529 turns ago. There was a new moon in effect when your adventure ended. You had 180 experience points, 140 more were needed to attain level 6. Your score was 890 before end-of-game adjustments. Basics: You had 0 out of 34 hit points. You had all 13 energy points (spell power). Your armor class was 3. Your wallet contained 427 zorkmids. Autopickup was off. Final Characteristics: Your strength was 12 (limit:18/100). Your dexterity was 13 (limit:18). Your constitution was 15 (limit:18). Your intelligence was 12 (limit:18). Your wisdom was 8 (limit:18). Your charisma was 18 (limit:18). Final Status: You were not hungry. You were unencumbered. You were wielding a dagger. You had basic skill with dagger. Final Attributes: You were fervently aligned. You were telepathic. You were warded. You are dead. Miscellaneous: You never encountered a bones level. Total elapsed playing time was 28 minutes and 27 seconds. Major events: Turn 1: Uncleleo the neutral male human Tourist entered the dungeon 1200: attained the rank of Sightseer (level 3) 2107: entered the Gnomish Mines 2529: killed by a homunculus, while sleeping Vanquished creatures: a leprechaun 2 rock moles a paper golem 2 floating eyes a kitten 2 iguanas a coyote a hobbit a giant rat 2 gnomes 2 garter snakes a gecko 7 jackals 2 foxes 2 kobolds 2 goblins 3 sewer rats 6 grid bugs 2 lichens a kobold zombie 2 newts 44 creatures vanquished. No species were genocided or became extinct. Voluntary challenges: You were an atheist. You read items or engraved 1 time. You never engraved Elbereth. You never genocided any monsters. You never polymorphed an object. You never changed form. You used no wishes. Achievements: You attained the rank of Sightseer. You entered a shop. You entered the Gnomish Mines. The Dungeons of Doom: levels 1 to 4 Level 1: Some fountains. Level 2: A general store. Level 3: A sink. Stairs down to The Gnomish Mines. Level 4: <- You were here. Final resting place for you, killed by a homunculus, while sleeping. The Gnomish Mines: Level 4: Game over: ---------- / \ / REST \ / IN \ / PEACE \ / \ | Uncleleo | | 427 Au | | killed by a | | homunculus | | | | | | 2023 | *| * * * | * _________)/\\_//(\/(/\)/\//\/|_)_______ Aloha Uncleleo the Tourist... You died in The Dungeons of Doom on dungeon level 4 with 890 points, and 427 pieces of gold, after 2529 moves. You were level 5 with a maximum of 34 hit points when you died.